 Dungeon Crawl Stone Soup version 0.32-a0-928-g1cae6b7ea0 (webtiles) character file.

Game seed: 4688698606977512753

61 Ahpoh the Slasher (level 3, 0/29 HPs)
             Began as a Demigod Gladiator on Apr 12, 2024.
             Killed from afar by Natasha (6 damage)
             ... with a magic dart
             ... on level 2 of the Dungeon.
             The game lasted 00:03:47 (1082 turns).

Ahpoh the Slasher (Demigod Gladiator)               Turns: 1082, Time: 00:03:48

Health: 0/29       AC:  9    Str: 15    XL:     3   Next: 58%
Magic:  5/5        EV:  7    Int: 10    God:
Gold:   126        SH:  0    Dex: 19    Spells: 2/2 levels left

rFire   . . .        a - +0 long sword
rCold   . . .        (no shield)
rNeg    . . .        j - +0 chain mail
rPois   .            c - +0 helmet
rElec   .            (no cloak)
rCorr   .            (no gloves)
SInv    .            (no boots)
Will    .....        (no amulet) Stlth
                     (no ring)
HPRegen 0.24/turn    (no ring)
MPRegen 0.09/turn

%: no passive effects
@: hasted and slowed
A: high MP 1, forlorn, divine attributes
a: no special abilities


You were on level 2 of the Dungeon.
You visited 1 branch of the dungeon, and saw 2 of its levels.

You collected 126 gold pieces.

Inventory:

Hand Weapons
 a - a +0 long sword (weapon)
Missiles
 d - 3 throwing nets (quivered)
 e - 6 javelins
Armour
 b - a +0 leather armour
 c - a +0 helmet (worn)
 j - a +0 chain mail (worn)
Scrolls
 f - a scroll of immolation {unknown}
 h - a scroll of teleportation {unknown}
 i - 2 scrolls of identify
 k - a scroll of blinking {unknown}
Potions
 g - a potion of cancellation


   Skills:
 * Level 2.0 Fighting
 * Level 3.5 Long Blades
 * Level 2.1 Throwing
 * Level 1.0 Armour
 * Level 3.1 Dodging


You had 2 spell levels left.
You didn't know any spells.
Your spell library contained the following spells:

 Spells                   Type           Power      Damage    Failure   Level
 Magic Dart               Conj           0%         1d3       99%         1
 Blink                    Tloc           0%         N/A       100%        2
 Call Imp                 Summ           0%         N/A       100%        2
 Call Canine Familiar     Summ           0%         N/A       100%        3
 Sigil of Binding         Hex            0%         N/A       100%        3
 Dimensional Bullseye     Hex/Tloc       0%         N/A       100%        4


Dungeon Overview and Level Annotations

Branches:
Dungeon (2/15)

Annotations:
D:2 Natasha


Innate Abilities, Weirdness & Mutations

You have an increased reservoir of magic. (+10% MP)
You shall have no god before yourself.
Your divine heritage dramatically boosts your attributes as you level up.


Message History

Natasha, Servant of Life and Death comes into view.
Natasha hisses angrily.
Natasha stares at you and mumbles some strange words.
You feel yourself slow down.
You completely miss Natasha. Natasha claws you but does no damage.
Natasha claws you.
You hit Natasha but do no damage.
Natasha casts a spell.
Natasha claws you but does no damage.
You barely miss Natasha. Natasha claws you.
The cerulean imp hits you from afar with a +0 spear.
Natasha claws you!
You hit Natasha.
Natasha is moderately wounded.
The cerulean imp hits you from afar with a +0 spear.
Natasha claws you.
* * * LOW HITPOINT WARNING * * *
The cerulean imp hits you but does no damage.
Natasha claws you.
* * * LOW HITPOINT WARNING * * *
The cerulean imp barely misses you.
The cerulean imp hits you but does no damage.
The cerulean imp barely misses you.
The cerulean imp hits you from afar with a +0 spear.
* * * LOW HITPOINT WARNING * * *
As you read the scroll labelled GEIGRO AMEGO, it crumbles to dust.
It is a scroll of identify.
g - a potion of cancellation The cerulean imp hits you but does no damage.
The cerulean imp closely misses you.
Okay, then.
It was a potion of haste.
You feel yourself speed up.
The cerulean imp hits you but does no damage.
The cerulean imp barely misses you.
The cerulean imp disappears in a puff of smoke!
You see here a +0 trident.
Natasha casts a spell at you. The magic dart hits you.
You die...
Natasha begins licking her fur clean.

######## #......)
#.###### ###
##########.######
.....###.............##.
#^..@..##########.##.
#####..# #.##. #).#
#.... .. #.#####..#
##### #.# ..#.....h# ..#
#.######ยง# .#
...#.....5..# ..#
#.#.######## #... ...#


You could see Natasha.

Vanquished Creatures
  Jessica (D:2)
  A ribbon worm (D:2)
  6 ball pythons (D:1)
  3 bats
  3 endoplasms
  A giant cockroach (D:2)
  3 goblins
  2 hobgoblins
  2 quokkas (D:1)
  A frilled lizard (D:1)
  2 kobolds (D:1)
  7 rats
32 creatures vanquished.

Notes
Turn   | Place    | Note
-------+----------+-------------------------------------------
     0 | D:1      | Ahpoh the Demigod Gladiator began the quest for the Orb.
     0 | D:1      | Reached XP level 1. HP: 17/17 MP: 3/3
   169 | D:1      | Reached XP level 2. HP: 24/24 MP: 4/4
   673 | D:2      | Noticed Jessica
   688 | D:2      | Killed Jessica
   689 | D:2      | Reached XP level 3. HP: 19/29 MP: 5/5
   973 | D:2      | Reached skill level 1 in Armour
  1066 | D:2      | Noticed Natasha
  1082 | D:2      | Killed from afar by Natasha

Illustrated notes

Levels and vault maps discovered:
D:1:      giann_forest_graveyard, layout_rooms
D:2:      layout_loops_ring, serial_bayou_pond_e,
          nicolae_concentric_dashed_squares_mild, roderic_roman_lattice,
          uniq_jessica, uniq_natasha, uniq_crazy_yiuf_cottage

Skill      XL: |  1  2  3 |
---------------+----------+-----
Long Blades    | 3 |  3.5
Throwing       | 2 |  2.1
Dodging        | 3 |  3.1
Fighting       | 2 |  2.0
Armour         | 1 |  1.0

Action                     || total
---------------------------++-------
  Melee: Long sword        ||    89
    Use: Scroll            ||     1
         Potion            ||     1
 Armour: Leather armour    ||    15
         Ring mail         ||    62
         Chain mail        ||    33
  Dodge: Dodged            ||    63

Table legend: (Time is in decaauts)
 A = Elapsed time spent in this place.
 B = Non-inter-level travel time spent in this place.
 C = Inter-level travel time spent in this place.
 D = Time resting spent in this place.
 E = Time spent auto-exploring this place.
 F = Levels seen in this place.
 G = Mean time per level.
                   A        B        C        D        E       F      G
               +--------+--------+--------+--------+--------+-----+--------+
         Total |   1112 |   1099 |     13 |     43 |    671 |   2 |  556.0 |
       Dungeon |   1112 |   1099 |     13 |     43 |    671 |   2 |  556.0 |
               +--------+--------+--------+--------+--------+-----+--------+

Top non-repeatable levels by time:
     D:1: 577 daAuts
     D:2: 534 daAuts
